Cogmind - Beta 14 @@@ ROGUE MODE // 2024.08.29 @ 11:09:36 Player: upsidedowneye Result: Destroyed by S-27 Virus with Autogun Performance ------------- Evolutions (4) 2000 Regions Visited (9) 1800 Robots Destroyed (20) 100 Value Destroyed (221) 221 Prototype IDs (5) 100 Alien Tech Used (0) 0 Bonus (35) 35 TOTAL SCORE: 4256 Bonus ------- Follower Combat Kills 35 Cogmind --------- Core Integrity 0/850 Matter 41/300 Energy 11/100 System Corruption 3% Temperature Cool (0) Movement Flying (40) Location -6/Factory Parts ------- > --- POWER (1) -------- (None) > --- PROPULSION (6) --- Nuclear Pulse Thruster > --- UTILITY (6) ------ (None) > --- WEAPON (2) ------- (None) > --- INVENTORY (5) ---- Improved Deuterium Engine Cold Fusion Reactor Advanced ECM Suite Proton Cannon Peak State ------------ > --- POWER ------------ Improved Deuterium Engine > --- PROPULSION ------- Flight Unit Flight Unit Flight Unit > --- UTILITY ---------- Medium Storage Unit Weight Redist. System Hardened Light Armor Plating > --- WEAPON ----------- Mini Grenade Launcher Heavy Flail > --- INVENTORY -------- Cooled Ion Engine Improved Deuterium Engine Medium Storage Unit System Shield Light Cannon Heavy Flail [Rating: 18] Favorites ----------- Power Light Ion Engine Engine Light Ion Engine Power Core Micro Nuclear Core Propulsion Flight Unit Wheel Wheel Flight Unit Flight Unit Utility Weight Redist. System Device Weight Redist. System Storage Medium Storage Unit Processor Melee Analysis Suite Protection Hardened Light Armor Plating Weapon Mini Grenade Launcher Energy Gun EM Pulse Gun Energy Cannon Proton Cannon Ballistic Gun Assault Rifle Ballistic Cannon Light Cannon Launcher Mini Grenade Launcher Impact Weapon Heavy Flail Build | -11 -10 -9 -9 -9 -8 -8 -7 -7 -6 ------- Run | Yrd Mat Mat Min Exi Min Mat Fac Sto Fac Slots Evolved 8 | . . 2 . . . 2 2 . 2 Power . | . . . . . . . . . . Propulsion 4 | . . 1 . . . 2 1 . . Utility 4 | . . 1 . . . . 1 . 2 Weapon . | . . . . . . . . . . Parts Attached 55 | 7 6 9 . . 1 8 11 7 6 Power 9 | 2 . . . . 1 2 2 1 1 Engine 7 | 2 . . . . 1 2 2 . . Core 2 | . . . . . . . . 1 1 Reactor . | . . . . . . . . . . Propulsion 12 | 2 2 1 . . . 3 2 1 1 Treads . | . . . . . . . . . . Leg . | . . . . . . . . . . Wheel 2 | 2 . . . . . . . . . Hover . | . . . . . . . . . . Flight 10 | . 2 1 . . . 3 2 1 1 Utility 15 | 1 2 3 . . . 1 4 3 1 Device 9 | . 1 1 . . . . 4 2 1 Storage 3 | 1 1 1 . . . . . . . Processor 1 | . . . . . . . . 1 . Hackware . | . . . . . . . . . . Protection 2 | . . 1 . . . 1 . . . Artifact . | . . . . . . . . . . Weapon 19 | 2 2 5 . . . 2 3 2 3 Energy Gun 2 | . 1 1 . . . . . . . Energy Cannon 2 | . . . . . . . . . 2 Ballistic Gun 3 | 2 1 . . . . . . . . Ballistic Cannon 2 | . . 2 . . . . . . . Launcher 4 | . . 1 . . . 2 . . 1 Special Weapon . | . . . . . . . . . . Impact Weapon 6 | . . 1 . . . . 3 2 . Slashing Weapon . | . . . . . . . . . . Piercing Weapon . | . . . . . . . . . . Special Melee Weapon . | . . . . . . . . . . Unidentified Prototypes 1 | . . . . . . 1 . . . Parts Lost 20 | . . . . . 1 10 . 6 3 Power 6 | . . . . . 1 3 . 1 1 Propulsion 8 | . . . . . . 6 . 2 . Utility 4 | . . . . . . 1 . 2 1 Weapon 2 | . . . . . . . . 1 1 Highest Loss Streak 6 | . . . . . 1 6 . 4 2 To Critical Strikes . | . . . . . . . . . . Average Slot Usage (%) 64 | . 85 87 100 100 100 76 28 23 15 Engine 7 | . 14 11 11 11 11 7 6 1 . Wheel 2 | . 26 . . . . . . . . Flight 18 | . 1 33 33 33 33 32 7 2 . Device 11 | . . 12 22 22 22 11 13 8 4 Storage 4 | . 13 1 11 11 11 8 . . . Processor 1 | . . . . . . . . 3 5 Protection 2 | . . 8 . . . 4 . . . Energy Gun 2 | . 1 9 . . . . . . . Ballistic Gun 3 | . 26 2 . . . . . . . Launcher 4 | . . 8 11 11 11 6 . . . Impact Weapon 4 | . . . 11 11 11 6 . 5 . Peak Build Rating 18 | 6 7 14 14 15 14 18 14 17 15 Average Rating 10 | 4 6 9 14 14 14 12 9 9 10 On Entrance 8 | . 6 6 14 14 14 14 3 11 4 Naked Turns 16 | . . . . . . . . . 16 Heaviest Build 27 | 14 27 22 18 18 18 22 10 13 8 Greatest Support 26 | 20 20 18 18 18 18 26 10 12 6 Greatest Overweight (x) 2 | . 1 1 . . . 1 . 2 2 Average Overweight (x) . | . . . . . . . . . . Largest Inventory Capacity 15 | 8 15 10 10 10 10 10 5 5 5 Average Capacity 7 | 7 14 5 10 10 10 9 5 5 5 Most Carried 12 | 6 12 8 9 10 10 9 5 5 5 Average Carried 5 | 3 7 4 8 9 9 6 3 4 4 Final Capacity 10 | 8 5 10 10 10 10 5 5 5 5 Final Carried 10 | 5 5 7 9 9 10 5 4 4 4 Class Distribution -------------------- 50% | Mutant 44% | Scavenger-Mutant 5% | Scavenger-Sprinter Dominant Class ---------------- Mutant | -10/Materials Scavenger-Mutant | -9/Materials Scavenger-Mutant | -9/Mines Scavenger-Mutant | -9/Exiles Scavenger-Mutant | -8/Mines Scavenger-Sprinter | -8/Materials Mutant | -7/Factory Mutant | -7/Storage Mutant | -6/Factory Resources | -11 -10 -9 -9 -9 -8 -8 -7 -7 -6 ----------- Run | Yrd Mat Mat Min Exi Min Mat Fac Sto Fac Matter Collected 542 | 312 116 80 26 . 7 1 . . . Remotely 153 | . 40 80 26 . 7 . . . . Salvage Created 408 | 194 165 . 16 . 13 20 . . . Parts 34 | 14 10 . 4 . 3 3 . . . Haulers Intercepted . | . . . . . . . . . . Recyclers Shooed . | . . . . . . . . . . Parts Field Recycled . | . . . . . . . . . . Retrieved Matter . | . . . . . . . . . . Parts Self-Destructed . | . . . . . . . . . . Prevented . | . . . . . . . . . . Kills | -11 -10 -9 -9 -9 -8 -8 -7 -7 -6 ------- Run | Yrd Mat Mat Min Exi Min Mat Fac Sto Fac Combat Hostiles Destroyed 13 | . 4 . 2 . 4 3 . . . Guns 4 | . 4 . . . . . . . . AOE 9 | . . . 2 . 4 3 . . . Classes Destroyed 4 | 2 2 . . . . . . . . Tunneler 5 | 5 . . . . . . . . . Recycler 2 | 1 1 . . . . . . . . Swarmer 12 | . 3 . 2 . 4 3 . . . Grunt 1 | . 1 . . . . . . . . Best Kill Streak 6 | 6 5 . 2 . 4 3 . . . Combat Bots Only 4 | . 4 . 2 . 4 3 . . . Max Kills in Single Turn 3 | 1 1 . 2 . 2 3 . . . Gunslinging . | . . . . . . . . . . Exploded 3 | . . . 2 . 2 3 . . . Melee . | . . . . . . . . . . Uniques/NPCs Destroyed . | . . . . . . . . . . Combat | -11 -10 -9 -9 -9 -8 -8 -7 -7 -6 -------- Run | Yrd Mat Mat Min Exi Min Mat Fac Sto Fac Hostile Shots Fired 413 | . 42 . . . 17 95 . 161 98 Missed 171 | . 19 . . . 7 34 . 77 34 Damage Taken 2913 | . 197 . . . 115 753 . 827 1021 Core 1855 | . 16 . . . 53 321 . 610 855 Absorbed by Shields . | . . . . . . . . . . Core Remaining (%) 66 | 100 93 . . . 86 41 . 12 . Volleys Fired 25 | 7 11 . 1 . 3 2 . . 1 Largest 2 | 2 2 . 1 . 1 1 . . 1 Hottest 75 | 40 40 . 30 . 30 30 . . 75 Shots Fired 43 | 14 22 . 1 . 3 2 . . 1 Gun 36 | 14 22 . . . . . . . . Cannon 1 | . . . . . . . . . 1 Launcher 6 | . . . 1 . 3 2 . . . Special . | . . . . . . . . . . Kinetic 36 | 14 22 . . . . . . . . Thermal . | . . . . . . . . . . Explosive 6 | . . . 1 . 3 2 . . . Electromagnetic 1 | . . . . . . . . . 1 Robot Hit Streak 6 | 4 6 . . . . 1 . . . Robot Miss Streak 3 | 1 3 . . . . 1 . . 1 Penetration Max . | . . . . . . . . . . Secondary Targets . | . . . . . . . . . . Shots Hit Robots 23 | 8 12 . . . 1 1 . 1 . Core Hits 25 | 7 7 . 2 . 6 3 . . . Critical Kills . | . . . . . . . . . . Critical Parts Destroyed . | . . . . . . . . . . Critical Strikes . | . . . . . . . . . . Melee Attacks 36 | . . . . . 2 8 3 23 . Impact 36 | . . . . . 2 8 3 23 . Slashing . | . . . . . . . . . . Piercing . | . . . . . . . . . . Sneak Attacks . | . . . . . . . . . . Combat Hostiles . | . . . . . . . . . . Follow-up Attacks . | . . . . . . . . . . Damage Inflicted 803 | 102 120 . 97 . 203 229 . 32 20 Guns 222 | 102 120 . . . . . . . . Cannons . | . . . . . . . . . . Explosions 504 | . . . 97 . 178 229 . . . Melee 57 | . . . . . 25 . . 32 . Ramming 20 | . . . . . . . . . 20 Kinetic 222 | 102 120 . . . . . . . . Thermal . | . . . . . . . . . . Explosive 504 | . . . 97 . 178 229 . . . Electromagnetic . | . . . . . . . . . . Impact 57 | . . . . . 25 . . 32 . Slashing . | . . . . . . . . . . Piercing . | . . . . . . . . . . Highest Corruption 3 | . . . . . . . . 1 3 Average Corruption 1 | . . . . . . . . 1 1 Corruption Purged . | . . . . . . . . . . Corruption Blocked . | . . . . . . . . . . Overload Shots . | . . . . . . . . . . Overflow Damage . | . . . . . . . . . . Projectiles . | . . . . . . . . . . Explosions . | . . . . . . . . . . Melee . | . . . . . . . . . . Knockbacks . | . . . . . . . . . . Impact . | . . . . . . . . . . Kinetic . | . . . . . . . . . . Secondary . | . . . . . . . . . . Self-Inflicted Damage 34 | . . . . . . 25 . . 9 Shots 1 | . . . . . . 1 . . . Rammed 7 | . . . . . . . . . 7 Targets Rammed 7 | . . . . . . . . . 7 Kicked . | . . . . . . . . . . Crushed . | . . . . . . . . . . Highest Temperature 32 | . . . . . 7 32 . . 4 Average Temperature 11 | . . . . . 3 13 . . 3 Received Heat Transfer 525 | . 24 . . . 45 171 . 267 18 Siege Activations . | . . . . . . . . . . Robots Corrupted . | . . . . . . . . . . Combat Hostiles . | . . . . . . . . . . Parts Fried . | . . . . . . . . . . Impact Corruptions . | . . . . . . . . . . Robots Melted . | . . . . . . . . . . Combat Hostiles . | . . . . . . . . . . Parts Melted . | . . . . . . . . . . Heat Transferred . | . . . . . . . . . . Parts Sabotaged . | . . . . . . . . . . Parts Stolen . | . . . . . . . . . . Parts Stripped . | . . . . . . . . . . Power Chain Reactions . | . . . . . . . . . . Alert | -11 -10 -9 -9 -9 -8 -8 -7 -7 -6 ------- Run | Yrd Mat Mat Min Exi Min Mat Fac Sto Fac Peak Influence 414 | 30 138 162 47 . 183 245 122 414 213 Initial 183 | . 19 57 . . . 70 104 55 183 Average 124 | 14 53 126 39 . 80 130 114 213 176 Maximum Alert Level 2 | . . . . . . 1 . 2 1 Low Security (%) 87 | 100 100 100 100 . 100 67 100 42 99 Level 1 11 | . . . . . . 32 . 53 . Level 2 . | . . . . . . . . 4 . Level 3 . | . . . . . . . . . . Level 4 . | . . . . . . . . . . Level 5 . | . . . . . . . . . . High Security . | . . . . . . . . . . Max Security . | . . . . . . . . . . Squads Dispatched 7 | . . 2 . . . . 1 2 2 Investigation 3 | . . 1 . . . . 1 . 1 Extermination 1 | . . . . . . . . . 1 Reinforcement 1 | . . 1 . . . . . . . Assault 2 | . . . . . . . . 2 . Garrison . | . . . . . . . . . . Intercept . | . . . . . . . . . . Searches Triggered . | . . . . . . . . . . Construction Impeded . | . . . . . . . . . . Haulers Reinforced . | . . . . . . . . . . Active Scanning Responses . | . . . . . . . . . . Cargo Convoy Interrupts . | . . . . . . . . . . Stealth | -11 -10 -9 -9 -9 -8 -8 -7 -7 -6 --------- Run | Yrd Mat Mat Min Exi Min Mat Fac Sto Fac Distress Signals 4 | . . 1 . . . 1 . 2 . Communications Jammed . | . . . . . . . . . . Distress Signals . | . . . . . . . . . . Times Spotted 79 | . 5 3 2 . 9 21 . 29 10 Peak Tracking Total 19 | . 4 2 2 . 7 16 . 19 11 Tactical Retreats 13 | . . 1 . . 2 4 . 5 1 Traps | -11 -10 -9 -9 -9 -8 -8 -7 -7 -6 ------- Run | Yrd Mat Mat Min Exi Min Mat Fac Sto Fac Traps Triggered 2 | . . . . . . . 1 1 . Indirectly . | . . . . . . . . . . Trap Hack Attempts . | . . . . . . . . . . Triggered . | . . . . . . . . . . Disarmed . | . . . . . . . . . . Reprogrammed 4 | . . . . . . . 4 . . Reused . | . . . . . . . . . . Traps Extracted . | . . . . . . . . . . Installed . | . . . . . . . . . . Triggered . | . . . . . . . . . . Machines | -11 -10 -9 -9 -9 -8 -8 -7 -7 -6 ---------- Run | Yrd Mat Mat Min Exi Min Mat Fac Sto Fac Machines Disabled 2 | . 1 . . . . . . 1 . Max in Single Turn 1 | . 1 . . . . . . 1 . Machines Repaired . | . . . . . . . . . . Machines Dismantled . | . . . . . . . . . . Machines Sabotaged . | . . . . . . . . . . Overloaded Fab Kills . | . . . . . . . . . . Hacking | -11 -10 -9 -9 -9 -8 -8 -7 -7 -6 --------- Run | Yrd Mat Mat Min Exi Min Mat Fac Sto Fac Machines Accessed 8 | . 1 3 . . . . 1 1 2 Terminals 8 | . 1 3 . . . . 1 1 2 Fabricators . | . . . . . . . . . . Repair Stations . | . . . . . . . . . . Recycling Units . | . . . . . . . . . . Scanalyzers . | . . . . . . . . . . Garrison Access . | . . . . . . . . . . Total Hacks 22 | . 4 8 . . . . 3 3 4 Successful 8 | . 1 4 . . . . 1 2 . Failed 14 | . 3 4 . . . . 2 1 4 Catastrophic 3 | . . 1 . . . . 1 1 . Database Lockouts . | . . . . . . . . . . Manual . | . . . . . . . . . . Terminals 22 | . 4 8 . . . . 3 3 4 Fabricators . | . . . . . . . . . . Repair Stations . | . . . . . . . . . . Recycling Units . | . . . . . . . . . . Scanalyzers . | . . . . . . . . . . Garrison Access . | . . . . . . . . . . Terminal Hacks 8 | . 1 4 . . . . 1 2 . Prototype ID Bank 2 | . . 2 . . . . . . . Terminal Index 1 | . . 1 . . . . . . . Reprogram Traps 1 | . . . . . . . 1 . . Dispatch Records 2 | . . 1 . . . . . 1 . Recall Reinforcements 1 | . 1 . . . . . . . . Registered Prototypes 1 | . . . . . . . . 1 . Fabricator Hacks . | . . . . . . . . . . Repair Station Hacks . | . . . . . . . . . . Recycling Unit Hacks . | . . . . . . . . . . Scanalyzer . | . . . . . . . . . . Garrison Access Hacks . | . . . . . . . . . . Unauthorized Hacks . | . . . . . . . . . . Terminals . | . . . . . . . . . . Fabricators . | . . . . . . . . . . Repair Stations . | . . . . . . . . . . Recycling Units . | . . . . . . . . . . Scanalyzers . | . . . . . . . . . . Garrison Access . | . . . . . . . . . . Data Cores Recovered . | . . . . . . . . . . Used . | . . . . . . . . . . Hacking Detections 8 | . 1 3 . . . . 1 1 2 Full Trace Events 3 | . . 1 . . . . 1 . 1 Feedback Events . | . . . . . . . . . . Feedback Blocked . | . . . . . . . . . . Robot Schematics Acquired . | . . . . . . . . . . Robots Built . | . . . . . . . . . . Authchips . | . . . . . . . . . . Time . | . . . . . . . . . . Total Robot Build Rating . | . . . . . . . . . . Part Schematics Acquired . | . . . . . . . . . . Parts Built . | . . . . . . . . . . Authchips . | . . . . . . . . . . Time . | . . . . . . . . . . Total Part Build Rating . | . . . . . . . . . . Parts Repaired . | . . . . . . . . . . Time . | . . . . . . . . . . Parts Recycled . | . . . . . . . . . . Recycled Matter . | . . . . . . . . . . Retrieved Matter . | . . . . . . . . . . Retrieved Components . | . . . . . . . . . . Parts Scanalyzed . | . . . . . . . . . . Part Schematics Acquired . | . . . . . . . . . . Parts Damaged . | . . . . . . . . . . Bothacking | -11 -10 -9 -9 -9 -8 -8 -7 -7 -6 ------------ Run | Yrd Mat Mat Min Exi Min Mat Fac Sto Fac Used RIF Installer . | . . . . . . . . . . Robots Hacked . | . . . . . . . . . . Non-combat . | . . . . . . . . . . Combat . | . . . . . . . . . . Robot Hacks Applied . | . . . . . . . . . . Relay Couplers Released . | . . . . . . . . . . Fabnet Peak Effective % . | . . . . . . . . . . Robots Rewired . | . . . . . . . . . . Allies Hacked . | . . . . . . . . . . Hacks Repelled . | . . . . . . . . . . Allies | -11 -10 -9 -9 -9 -8 -8 -7 -7 -6 -------- Run | Yrd Mat Mat Min Exi Min Mat Fac Sto Fac Total Allies 2 | . . . . . . . . 2 . Largest Group 2 | . . . . . . . . 2 . Highest-Rated Group 62 | . . . . . . . . 62 . Highest-Rated Ally 31 | . . . . . . . . 31 . Total Orders . | . . . . . . . . . . Ally Attacks 13 | . . . . . . . . 13 . Total Damage 251 | . . . . . . . . 251 . Kills 1 | . . . . . . . . 1 . Allies Corrupted . | . . . . . . . . . . Allies Melted . | . . . . . . . . . . Intel | -11 -10 -9 -9 -9 -8 -8 -7 -7 -6 ------- Run | Yrd Mat Mat Min Exi Min Mat Fac Sto Fac Robot Analysis Total . | . . . . . . . . . . Derelict Logs Recovered 1 | . . . 1 . . . . . . Drone Launches . | . . . . . . . . . . Drone Recoveries . | . . . . . . . . . . Exploration | -11 -10 -9 -9 -9 -8 -8 -7 -7 -6 ------------- Run | Yrd Mat Mat Min Exi Min Mat Fac Sto Fac Turns Passed 2106 | 114 200 428 169 196 87 182 91 304 335 Spaces Moved 2842 | 83 153 432 110 570 213 293 165 498 325 Core 675 | 12 . . . . . 65 2 272 324 Treads . | . . . . . . . . . . Legs . | . . . . . . . . . . Wheels 210 | 71 139 . . . . . . . . Hover . | . . . . . . . . . . Flight 1957 | . 14 432 110 570 213 228 163 226 1 Fastest Speed 28 | 50 37 34 34 34 34 28 35 35 40 Average Speed 47 | 75 88 38 34 34 34 36 35 44 94 Slowest Speed 150 | 80 95 114 34 34 34 100 50 150 150 Overloaded Moves . | . . . . . . . . . . Propulsion Burnouts . | . . . . . . . . . . Robots Hopped . | . . . . . . . . . . Cave-ins Triggered . | . . . . . . . . . . Exploration Rate (%) 31 | 3 26 27 24 79 57 24 5 66 8 Regions Visited 9 Branch Regions 4 Pre-discovered Areas . | . . . . . . . . . . Known Exits Taken . | . . . . . . . . . . Unknown Exits Taken 9 | 1 1 1 1 1 1 1 1 1 . Scrap Searched 1 | . . . . . 1 . . . . Spaces Dug 39 | . . . 8 . . 8 3 20 . Terrain Destroyed 74 | . . . 8 . 19 24 3 20 . Melee 31 | . . . . . . 8 3 20 . Projectile . | . . . . . . . . . . AOE 43 | . . . 8 . 19 16 . . . Terrain Rammed . | . . . . . . . . . . Walls Destroyed . | . . . . . . . . . . Machines Disabled . | . . . . . . . . . . Actions | -11 -10 -9 -9 -9 -8 -8 -7 -7 -6 --------- Run | Yrd Mat Mat Min Exi Min Mat Fac Sto Fac Total 3497 | 120 197 697 239 572 220 358 195 545 354 Wait 429 | 11 7 234 127 1 . 34 5 8 2 Move 2833 | 82 152 431 109 569 212 292 164 497 325 Hop . | . . . . . . . . . . Pick Up 62 | 12 10 13 2 1 2 4 6 5 7 Fast Attach . | . . . . . . . . . . Attach 44 | 6 1 5 . . 1 7 11 7 6 Detach 16 | . 1 2 . . . 3 5 3 2 Swap 12 | 1 5 4 . . . 2 . . . Drop 33 | 1 10 8 . 1 . 6 1 2 4 Fire 25 | 7 11 . 1 . 3 2 . . 1 Melee 36 | . . . . . 2 8 3 23 . Ram 7 | . . . . . . . . . 7 Kick . | . . . . . . . . . . Crush . | . . . . . . . . . . Escape Stasis . | . . . . . . . . . . Rewire . | . . . . . . . . . . Trap . | . . . . . . . . . . Miscellaneous . | . . . . . . . . . . Route ------- -11/Scrapyard -10/Materials -9/Materials -9/Mines -9/Exiles (discovered 2 exits: [*Min x2]) -8/Mines (discovered 2 exits: [*Mat x2]) -8/Materials -7/Factory -7/Storage -6/Factory History --------- Turn | Location | Event 17 | -11/Scrapyard | Discovered new exit (range 15) 115 | -11/Scrapyard | Entered Materials 281 | -10/Materials | Discovered new exit (range 15) 315 | -10/Materials | Entered another Materials area 315 | -9/Materials | Evolved 2 slots: Propulsion x1, Utility x1 585 | -9/Materials | Build established: Scavenger-Mutant 670 | -9/Materials | Met 8R-AWN 741 | -9/Materials | Discovered new exit (range 6) 743 | -9/Materials | Entered Mines 744 | -9/Mines | Followed 8R-AWN into the Mines 884 | -9/Mines | Learned Materials trap positions 907 | -9/Mines | Discovered new exit (range 5) 912 | -9/Mines | Entered Exiles 925 | -9/Exiles | Discovered new exit (range 14) 933 | -9/Exiles | Welcomed by 8R-AWN 940 | -9/Exiles | Met EX-HEX 955 | -9/Exiles | Met EX-DEC 975 | -9/Exiles | Discovered new exit (range 15) 1035 | -9/Exiles | Visited The Gauntlet 1108 | -9/Exiles | Entered Mines 1121 | -8/Mines | Discovered new exit (range 11) 1191 | -8/Mines | Discovered new exit (range 9) 1195 | -8/Mines | Entered Materials 1195 | -8/Materials | Evolved 2 slots: Propulsion x2 1196 | -8/Materials | Loaded intel: 26 trap records 1272 | -8/Materials | Lost 3 parts (1p1n1u) 1338 | -8/Materials | Discovered new exit (range 14) 1356 | -8/Materials | Core integrity fell below 50% 1364 | -8/Materials | Lost 6 parts (2p4n) 1377 | -8/Materials | Entered Factory 1377 | -7/Factory | Evolved 2 slots: Propulsion x1, Utility x1 1465 | -7/Factory | Discovered new exit (range 4) 1468 | -7/Factory | Entered Storage 1609 | -7/Storage | Met a pair of Derelict thieves 1642 | -7/Storage | Build established: Mutant 1760 | -7/Storage | Core integrity fell below 50% 1767 | -7/Storage | Discovered new exit (range 10) 1770 | -7/Storage | Core integrity fell below 20% 1772 | -7/Storage | Entered Factory 1772 | -6/Factory | Evolved 2 slots: Utility x2 1793 | -6/Factory | Lost 4 parts (1p1n1u1w) 2019 | -6/Factory | Core integrity fell below 50% 2092 | -6/Factory | Core integrity fell below 20% 2107 | -6/Factory | Destroyed by S-27 Virus with Autogun Last Messages --------------- Adv. Sensor Array temporarily disabled. Slammed into H-66 Slayer. Adv. Sensor Array broken. Destabilizing: Short circuit. Penetrated by Slug. Slammed into H-66 Slayer. Destabilizing: Core damaged (-34). Penetrated by Slug. Slammed into H-66 Slayer. Penetrated by Slug. ALERT: Rogue bot located, Programmers report to Factory Zone 9K. Acquired Proton Cannon. Dropped Broken Adv. Sensor Array. Slug penetrates Wall. Penetrated by Slug. ALERT: Security rotation in progress. Melee Analysis Suite destroyed. Dropped Med. Storage Unit. Acquired Nuclear Pulse Thruster. Map ----- +----------------------------------------------------+ | ?????????????????????????????????????????????????? | | ?????????????????????????????????????????????????? | | ?????????????????????????????????????????????????? | | ?????????????????????????????????????????????????? | | ?????????????????????????????????????????????????? | | ?????????????????????????????????????????????????? | | ?????????????????????????????????????????????????? | | ?????????????????????????????????????????????????? | | ?????????????????????????????????????????????????? | | ?????????""??????????????????????????????????????? | | ????????? ??????????????????????????????????????? | | ##########/##########????????????????????????????? | | ?????????????????????????????? | | #?????????????????????????????? | | ##########????????????????????? | | # ????????????????????? | | #[ ????????????????????? | | # """ """ ???????????????????? | | # """ """ #????????????????? | | # """ """ #????????????????? | | # #????????????????? | | + """ """ #????????????????? | | # """ """ #????????????????? | | # """ """ #????????????????? | | ###+#######+###sss #????????????????? | | #? ????? ?# ! @ #????????????????? | | #? ????? ?# u #????????????????? | | # """???" * ######p#####/##????????????????? | | # """???" #????# #???????????????????????? | | # """ ?"" #????# #???????????????????????? | | # ? #????# ???????????????????????? | | ###### """ "" +???? ???????????????????????? | | ?????# ???? """ #????# ??????????????????????? | | ?????# ????? R" #????###+??????????????????????? | | ?????# ????? "?? #??????????????????????????????? | | ?????# ?????? ??? #??????????????????????????????? | | ?????# ?????????? ???????????????????????????????? | | ?????##??????????#???????????????????????????????? | | ?????????????????????????????????????????????????? | | ?????????????????????????????????????????????????? | | ?????????????????????????????????????????????????? | | ?????????????????????????????????????????????????? | | ?????????????????????????????????????????????????? | | ?????????????????????????????????????????????????? | | ?????????????????????????????????????????????????? | | ?????????????????????????????????????????????????? | | ?????????????????????????????????????????????????? | | ?????????????????????????????????????????????????? | | ?????????????????????????????????????????????????? | | ?????????????????????????????????????????????????? | +----------------------------------------------------+ Best States ------------- Heat Dissipation 37 Energy Generation 16 Energy Capacity 290 Matter Stores 300 Matter Capacity 300 Sight Range 16 Robot Scan Range 16 Terrain Scan Density 10 ECM Strength 2 Additional Mass Support 6 Armor Coverage 150 Evasion (%) 64 Melee Accuracy 5 Force Boost 20 Item Schematics ----------------- None Robot Schematics ------------------ None Fabricated ------------ Nothing Alien Tech Used ----------------- None Achievements -------------- None Challenges ------------ None Game ------ Seed HypercooledTacticalClaw Manual? 0 Play Time 00:38:03 Cumulative 11.8 hours Start 2024.08.29 @ 10:23:39 End 2024.08.29 @ 11:09:36 Sessions 1 Manual Loads 0 Difficulty Rogue Special Mode None Game No. 19 Rogue 19 Adventurer 0 Explorer 0 Win Type - Total 0 Types 0/0/0/0/0/0/0/0/0 Lore% 3 Gallery% 15 Achievement% 14 Wizard Run 0 Options --------- Layout 1 ASCII 0 Keyboard 0 Movement Arrows Keybinds 0 Fullscreen 2 Font 32/SmallcapsGlow Map View 50x35 Zoom Use 0% Tactical HUD 0 Map Filters NONE Filters NONE Steam 1 RUN: 6621b0cc-5ec5-4793-b845-e1f4f2279ccb